 Dungeon Crawl Stone Soup version 0.31-a0-182-gc5ef74bbde (webtiles) character file.

Game seed: 14676086411760676332

461 olmar the Cudgeller (level 7, -14/37 HPs)
             Began as a Vine Stalker Fighter on June 21, 2023.
             Was a Believer of Nemelex Xobeh.
             Demolished by an ogre
             ... wielding a +0 giant spiked club
              (21 damage)
             ... on level 5 of the Dungeon.
             The game lasted 00:04:32 (2974 turns).

olmar the Cudgeller (Vine Stalker Fighter)          Turns: 2974, Time: 00:04:32

Health: -14/37     AC: 12    Str: 21    XL:     7   Next: 7%
Magic:  0/8        EV: 10    Int:  8    God:    Nemelex Xobeh [**....]
Gold:   322        SH:  4    Dex: 13    Spells: 6/6 levels left

rFire   . . .        a - +0 flail
rCold   . . .        c - +0 buckler
rNeg    + . .        b - +0 scale mail
rPois   .            (no helmet)
rElec   .            (no cloak)
rCorr   .            q - +0 pair of gloves
SInv    .            (no boots)
Will    .....        (no amulet) Stlth
                     s - ring of positive energy
HPRegen 1.06/turn    x - +4 ring of protection
MPRegen 0.11/turn

%: guardian spirit
@: no status effects
A: fangs 2, regeneration 1, magic shield, antimagic bite, no potion heal 2
a: Renounce Religion, Draw Escape, Draw Destruction, Draw Summoning


You were on level 5 of the Dungeon.
You worshipped Nemelex Xobeh.
Nemelex Xobeh was pleased with you.
You visited 1 branch of the dungeon, and saw 5 of its levels.

You collected 322 gold pieces.

Inventory:

Hand Weapons
 a - a +0 flail (weapon)
 n - a +0 whip of venom
Missiles
 l - 14 poisoned darts (quivered)
Armour
 b - a +0 scale mail (worn)
 c - a +0 buckler (worn)
 q - a +0 pair of gloves (worn)
Jewellery
 s - a ring of positive energy (left hand)
 x - a +4 ring of protection (right hand)
Wands
 r - a wand of charming (6)
Scrolls
 f - 6 scrolls of teleportation
 g - 2 scrolls of poison
 h - a scroll of acquirement {unknown}
 k - a scroll of immolation
 m - a scroll of blinking {unknown}
 o - 2 scrolls of fear {unknown}
 p - a scroll of butterflies {unknown}
 v - 2 scrolls of amnesia {unknown}
Potions
 d - a potion of lignification {unknown}
 e - 4 potions of degeneration
 i - a potion of mutation {unknown}
 j - 2 potions of curing
 t - 3 potions of attraction
 u - a potion of heal wounds {unknown}
 w - a potion of haste {unknown}


   Skills:
 + Level 3.7 Fighting
 + Level 4.4 Maces & Flails
 + Level 3.7 Armour
 + Level 1.6 Dodging
 + Level 0.1 Stealth
 + Level 3.2 Shields
 + Level 0.3 Evocations


You had 6 spell levels left.
You didn't know any spells.
Your spell library contained the following spells:

 Spells                   Type           Power      Damage    Failure   Level
 Blink                    Tloc           0%         N/A       91%         2
 Ensorcelled Hibernation  Hex/Ice        0%         N/A       91%         2
 Lesser Beckoning         Tloc           0%         N/A       91%         2
 Momentum Strike          Conj/Tloc      0%         3d8       91%         2
 Passwall                 Tmut/Erth      0%         N/A       91%         2
 Swiftness                Air            0%         N/A       99%         3


Dungeon Overview and Level Annotations

Branches:
Dungeon (5/15)
 Temple: D:4-7

Altars:
Ashenzari
Nemelex Xobeh
Okawaru


Innate Abilities, Weirdness & Mutations

You have extremely sharp teeth.
Your natural rate of healing is unusually fast.
When hurt, damage is shared between your health and your magic reserves.
Your bite disrupts and absorbs the magic of your enemies.
Potions cannot restore your health.


Message History

a +0 whip of venom; a gnoll corpse
n - a +0 whip of venom
x - a +4 ring of protection You see here a +0 spear.
You see here a gnoll corpse.
Found an escape hatch in the ceiling.
x - a +4 ring of protection (right hand)
An orc and an ogre come into view.
The ogre shouts!
The orc moves out of view.
An ogre is nearby!
An ogre is nearby!
An ogre is nearby!
There are monsters nearby!
An iguana comes into view.
An orc priest comes into view. It is wielding a +0 club.
An orc wizard comes into view. It is wielding a +0 dagger.
The orc priest shouts!
The orc wizard shouts!
You hit the ogre. You bite the ogre, but do no damage.
The ogre is lightly wounded.
You hear a shout!
An orc priest comes into view. It is wielding a +0 club.
The ogre hits you with a +0 giant spiked club!
The orc priest miscasts a cantrip.
You hit the ogre but do no damage.
The ogre is lightly wounded.
The orc priest mumbles some strange prayers to Beogh against you.
Beogh smites you!
The ogre hits you with a +0 giant spiked club!
* * * LOW HITPOINT WARNING * * *
You are too injured to fight recklessly!
You are too injured to fight recklessly!
Unknown command.
You draw a card...
You have drawn the Tomb.
Walls emerge from the floor!
Unknown command.
You draw a card...
You have drawn Exile.
The ogre hits you with a +0 giant spiked club!!
Ouch! That really hurt!
You die...
Your body glows slightly and disappears.

. .. ...
.... ....o
#...lo####
#oO@.#+#
#####..#
##.## #.#
#.## ##.#
#.# #.##
##.#


You could see an ogre, an iguana, an orc priest, an orc wizard and an orc.

Vanquished Creatures
  A sky beast (D:4)
  2 scorpions (D:5)
  A hound (D:4)
  Terence (D:2)
  Natasha (D:3)
  An orc wizard (D:4)
  4 adders (D:3)
  3 gnolls (D:5)
  3 worms (D:2)
  3 dart slugs
  7 orcs
  5 bats
  7 endoplasms
  A giant cockroach (D:4)
  6 hobgoblins
  5 kobolds
  A quokka (D:3)
  4 ball pythons
  4 frilled lizards
  11 goblins
  6 rats
77 creatures vanquished.

Vanquished Creatures (others)
  An orc (D:4)
1 creature vanquished.

Grand Total: 78 creatures vanquished

Notes
Turn   | Place    | Note
-------+----------+-------------------------------------------
     0 | D:1      | olmar the Vine Stalker Fighter began the quest for the Orb.
     0 | D:1      | Reached XP level 1. HP: 11/11 MP: 2/2
    99 | D:1      | Reached XP level 2. HP: 16/16 MP: 1/3
   290 | D:1      | Reached skill level 2 in Maces & Flails
   667 | D:1      | Reached XP level 3. HP: 20/20 MP: 4/4
  1111 | D:2      | Noticed Terence
  1121 | D:2      | Killed Terence
  1122 | D:2      | Gained mutation: Your natural rate of healing is unusually
                  | fast. [Vine Stalker growth]
  1122 | D:2      | Reached XP level 4. HP: 13/24 MP: 2/5
  1150 | D:2      | Found a faded altar of an unknown god.
  1182 | D:2      | Prayed at the altar of an unknown god.
  1182 | D:2      | Became a worshipper of Nemelex Xobeh the Trickster
  1182 | D:2      | Reached * piety under Nemelex Xobeh
  1182 | D:2      | Received a gift from Nemelex Xobeh
  1800 | D:3      | Reached skill level 3 in Maces & Flails
  1901 | D:3      | Noticed Natasha
  1908 | D:3      | Killed Natasha
  1909 | D:3      | Reached XP level 5. HP: 23/28 MP: 4/6
  2255 | D:4      | Reached ** piety under Nemelex Xobeh
  2323 | D:4      | Found an iron altar of Okawaru.
  2369 | D:4      | Reached XP level 6. HP: 20/32 MP: 7/7
  2686 | D:4      | Found a broken altar of Ashenzari.
  2686 | D:4      | Noticed a sky beast
  2701 | D:4      | Killed a sky beast
  2702 | D:4      | Reached skill level 4 in Maces & Flails
  2702 | D:4      | Reached skill level 1 in Dodging
  2729 | D:5      | Entered Level 5 of the Dungeon
  2883 | D:5      | Reached XP level 7. HP: 36/36 MP: 8/8
  2922 | D:5      | Received a gift from Nemelex Xobeh
  2974 | D:5      | Demolished by an ogre

Illustrated notes

Levels and vault maps discovered:
D:1:      onia_arrival_handbag, layout_loops_cross, minmay_misc_feat_five
D:2:      layout_basic, chequers_ecumenical_altar_island, uniq_terence
D:3:      layout_basic, uniq_natasha
D:4:      layout_rooms, mainiacjoe_overflow_big_doors, serial_curves,
          eino_curves_02, eino_curves_04, eino_curves_02, eino_curves_03
D:5:      layout_cave_pods, serial_shops, nicolae_stop_n_shop_2, shop,
          nicolae_lakefront_shop, nicolae_shop_rolling_square

Skill      XL: |  1  2  3  4  5  6 |
---------------+-------------------+-----
Maces & Flails | 2 3 4 |  4.4
Fighting       | 3 |  3.7
Armour         | 3 |  3.7
Shields        | 3 |  3.2
Dodging        | 1 |  1.6
Stealth        | |  0.1
Evocations     | |  0.3

Action                     |  1- 3 |  4- 6 |  7- 9 || total
---------------------------+-------+-------+-------++-------
  Melee: Flail             |    87 |   119 |     7 ||   213
         Bite              |     9 |    28 |     3 ||    40
  Throw: Dart              |       |     3 |       ||     3
 Invoke: Draw Escape       |       |       |     2 ||     2
         Draw Destruction  |       |       |     1 ||     1
  Evoke: Wand              |       |     2 |       ||     2
    Use: Scroll            |     1 |     4 |       ||     5
         Potion            |     1 |       |       ||     1
 Armour: Scale mail        |    34 |    52 |     2 ||    88
  Dodge: Dodged            |    36 |    60 |     3 ||    99
  Block: Buckler           |    19 |    26 |     1 ||    46

Table legend: (Time is in decaauts)
 A = Elapsed time spent in this place.
 B = Non-inter-level travel time spent in this place.
 C = Inter-level travel time spent in this place.
 D = Time resting spent in this place.
 E = Time spent auto-exploring this place.
 F = Levels seen in this place.
 G = Mean time per level.
                   A        B        C        D        E       F      G
               +--------+--------+--------+--------+--------+-----+--------+
         Total |   3038 |   2963 |     75 |    173 |   2199 |   5 |  607.6 |
       Dungeon |   3038 |   2963 |     75 |    173 |   2199 |   5 |  607.6 |
               +--------+--------+--------+--------+--------+-----+--------+

Top non-repeatable levels by time:
     D:2: 813 daAuts
     D:1: 800 daAuts
     D:4: 611 daAuts
     D:3: 567 daAuts
     D:5: 246 daAuts
